 Dungeon Crawl Stone Soup version 0.27.1 (webtiles) character file.

Game seed: 14716784823077183667

119 nxtlvl the Chopper (level 4, 0/38 HPs)
             Began as a Draconian Berserker on Aug 24, 2021.
             Was a Follower of Trog.
             Slain by a bullfrog skeleton (4 damage)
             ... on level 4 of the Dungeon.
             The game lasted 00:03:23 (522 turns).

nxtlvl the Chopper (Draconian Berserker)             Turns: 522, Time: 00:03:23

Health: 0/38       AC:  5    Str: 19    XL:     4   Next: 74%
Magic:  4/4        EV: 12    Int:  8    God:    Trog [*.....]
Gold:   52         SH:  0    Dex: 11    Spells: 3/3 levels left

rFire    . . .     SeeInvis .   a - +0 hand axe
rCold    . . .     Faith    .   (no shield)
rNeg     . . .     Spirit   .   (armour unavailable)
rPois    .         Reflect  .   (helmet restricted)
rElec    .         Harm     .   (no cloak)
rCorr    .         Rampage  .   (no gloves)
Will     .....                  (no boots)
Stlth    +.........             (no amulet)
HPRegen  0.12/turn              (no ring)
MPRegen  0.09/turn              (no ring)

@: no status effects
A: AC +5, unfitting armour, cold-blooded
a: Renounce Religion, Berserk


You were on level 4 of the Dungeon.
You worshipped Trog.
Trog was aware of your devotion.
You visited 1 branch of the dungeon, and saw 4 of its levels.

You collected 52 gold pieces.

Inventory:

Hand Weapons
 a - a +0 hand axe (weapon)
Missiles
 f - 20 arrows
Scrolls
 b - 4 scrolls of identify {unknown}
 c - a scroll of enchant weapon {unknown}
 d - a scroll of fog {unknown}
Potions
 e - a potion of mutation {unknown}
 g - a potion of haste {unknown}
 h - a potion of ambrosia {unknown}


   Skills:
 - Level 3.2 Fighting
 * Level 5.5 Axes
 - Level 2.6 Dodging


You had 3 spell levels left.
You didn't know any spells.
Your spell library was empty.

Dungeon Overview and Level Annotations

Branches:
Dungeon (4/15)
 Temple: D:4-7

Altars:

Annotations:
D:3 Sigmund


Innate Abilities, Weirdness & Mutations

Your plain brown scales are hard. (AC +5)
You cannot fit into any form of body armour.
You are cold-blooded and may be slowed by cold attacks.


Message History

The ball python hisses angrily.
Something tries to affect you, but you resist.
There is a stone staircase leading down here.
You climb downwards.
Reactivating autopickup.
Found a stone staircase leading up and a stone staircase leading down.
There is a stone staircase leading up here.
The bullfrog skeleton barely misses you.
The bullfrog skeleton hits you but does no damage.
The bullfrog skeleton barely misses you.
You hit the bullfrog skeleton.
The bullfrog skeleton is lightly damaged.
The bullfrog skeleton hits you but does no damage.
The bullfrog skeleton hits you.
* * * LOW HITPOINT WARNING * * *
The bullfrog skeleton barely misses you.
The bullfrog skeleton hits you.
* * * LOW HITPOINT WARNING * * *
Found a whip.
You feel less confused. The bullfrog skeleton misses you.
The bullfrog skeleton hits you but does no damage.
You hit the bullfrog skeleton. You tail-slap the bullfrog skeleton.
The bullfrog skeleton is moderately damaged.
The bullfrog skeleton misses you.
You barely miss the bullfrog skeleton.
The bullfrog skeleton is moderately damaged.
The bullfrog skeleton hits you but does no damage.
You hit the bullfrog skeleton.
The bullfrog skeleton is heavily damaged.
The bullfrog skeleton misses you.
The bullfrog skeleton barely misses you.
You hit the bullfrog skeleton.
The bullfrog skeleton is heavily damaged.
The bullfrog skeleton hits you.
* * * LOW HITPOINT WARNING * * *
You slash the bullfrog skeleton!
The bullfrog skeleton is almost destroyed.
The bullfrog skeleton hits you.
You die...

##+#.....).....
...............
..............
.............
#.........
....... #...#
####@###
#..Z..<##..
#...........
#........#..
#........#
#>..#.....#
##.##....... ..
....##... ...
..... ...


You could see a bullfrog skeleton.

Vanquished Creatures
  A black bear (D:3)
  An adder (D:2)
  An orc (D:3)
  4 ball pythons
  2 bats (D:1)
  3 endoplasms
  A hobgoblin (D:1)
  A kobold (D:1)
  A quokka (D:3)
  2 goblins (D:1)
  3 rats
20 creatures vanquished.

Notes
Turn   | Place    | Note
-------+----------+-------------------------------------------
     0 | D:1      | nxtlvl the Draconian Berserker began the quest for the Orb.
     0 | D:1      | Reached XP level 1. HP: 19/19 MP: 1/1
   125 | D:1      | Reached XP level 2. HP: 21/26 MP: 2/2
   356 | D:2      | Reached skill level 4 in Axes
   438 | D:3      | Noticed a black bear
   446 | D:3      | Reached XP level 3. HP: 31/31 MP: 3/3
   451 | D:3      | Killed a black bear
   452 | D:3      | Reached skill level 5 in Axes
   452 | D:3      | Reached XP level 4. HP: 38/38 MP: 4/4
   488 | D:3      | Noticed Sigmund
   522 | D:4      | Slain by a bullfrog skeleton

Illustrated notes

Levels and vault maps discovered:
D:1:      dpeg_arrival_chambers_temple_mockup, layout_loops_ring,
          shapermc_ecumenical_altar_ellora
D:2:      layout_loops_corners, kennysheep_crisscross
D:3:      cheibrodos_helix_gallery, layout_basic, lemuel_tele_altar,
          mainiacjoe_overflow_alcove_2, cheibrodos_gnoll_hut, uniq_sigmund,
          uniq_ijyb
D:4:      layout_cave_pools, lemuel_round_altar, minmay_snake_closets,
          uniq_grinder, uniq_menkaure

Skill      XL: |  1  2  3 |
---------------+----------+-----
Axes           | 4 5 |  5.5
Fighting       | |  3.2
Dodging        | |  2.6

Action                   |  1- 3 |  4- 6 || total
-------------------------+-------+-------++-------
Melee: Hand axe          |    53 |    11 ||    64
       Tailslap          |     4 |     1 ||     5
Invok: Berserk           |     2 |       ||     2
 Stab: Sleeping          |     1 |       ||     1
Armor: Skin              |    14 |     7 ||    21
Dodge: Dodged            |    28 |     8 ||    36
